 Dungeon Crawl Stone Soup version 0.30.0 (webtiles) character file.

Game seed: 5047326647525720985

6843 Gallacticko the Skirmisher (level 11, -2/68 HPs)
             Began as a Djinni Hedge Wizard on Oct 20, 2023.
             Was a High Priest of Hepliaklqana.
             Slain by a killer bee (4 damage)
             ... on level 9 of the Dungeon.
             The game lasted 01:55:24 (11049 turns).

Gallacticko the Skirmisher (Djinni Hedge Wizard)   Turns: 11049, Time: 01:55:26

Health: -2/68      AC:  7    Str:  9    XL:     11   Next: 26%
Gold:   506        EV: 13    Int: 17    God:    Hepliaklqana [*****.] SH:  0 Dex: 16

rFire   + + .        I - +1 arbalest
rCold   x . .        (shield currently unavailable)
rNeg    . . .        S - +0 steam dragon scales
rPois   ∞            q - +1 helmet
rElec   .            (no cloak)
rCorr   .            (no gloves)
SInv    .            (boots unavailable)
Will    ++...        (no amulet)
Stlth   +++          K - ring of willpower
HPRegen 0.31/turn    B - ring of wizardry
MPRegen 0.00/turn

%: wizardry (x1), infuse magic (-3 HP)
@: flying
A: reduced essence, sickness immunity, fire resistance 2, cold vulnerability 1,
float, innate caster, HP casting, extra vitality 1
a: Renounce Religion, Recall Ancestor, Ancestor Identity, Transference, Idealise


You were on level 9 of the Dungeon.
You worshipped Hepliaklqana.
Hepliaklqana was extremely pleased with you.
You visited 1 branch of the dungeon, and saw 9 of its levels.
You also visited: Sewer.

You collected 548 gold pieces.
You spent 42 gold pieces at shops.

Inventory:

Hand Weapons
 s - a +1 mace of holy wrath
 A - a +2 morningstar of protection
 I - a +1 arbalest (weapon)
 Q - the +6 flail "Orai" {flame, Str-3 Int+5 Stlth+}
   (You found it on level 6 of the Dungeon)

   Str:       It affects your strength (-3).
   Int:       It affects your intelligence (+5).
   Stlth:     It makes you more stealthy.
 R - a +5 dagger of electrocution
 U - a +2 long sword of holy wrath
 V - a +2 scimitar of flaming
 Y - a +3 short sword of draining
Missiles
 G - 15 poisoned darts
 X - 2 atropa-tipped darts
Armour
 f - a +0 troll leather armour
 q - a +1 helmet (worn)
 t - a +0 helmet
 F - a +0 leather armour of cold resistance
 S - +0 steam dragon scales (worn)
 W - a +0 robe of willpower
Magical Staves
 b - a staff of poison
 e - a staff of death
Jewellery
 a - a ring of willpower
 j - a ring of protection from fire
 B - a ring of wizardry (right hand)
 J - a ring of ice
 K - a ring of willpower (left hand)
 P - a ring of poison resistance
Wands
 c - a wand of charming (9)
 p - a wand of mindburst (11)
 N - a wand of flame (15)
 T - a wand of polymorph (15)
Scrolls
 d - 8 scrolls of identify
 k - 2 scrolls of immolation
 y - 3 scrolls of enchant weapon
 D - 6 scrolls of teleportation
 E - 2 scrolls of enchant armour
 L - a scroll of blinking
 M - 2 scrolls of magic mapping
 O - a scroll of fog
Potions
 g - 5 potions of haste {unknown}
 h - a potion of lignification {unknown}
 i - a potion of berserk rage {unknown}
 l - 6 potions of flight
 m - a potion of cancellation {unknown}
 n - 2 potions of attraction {unknown}
 r - 5 potions of heal wounds
 u - 2 potions of mutation {unknown}
 v - a potion of brilliance {unknown}
 x - 9 potions of curing
 z - 2 potions of invisibility {unknown}
 C - a potion of resistance {unknown}
 Z - a potion of might {unknown}
Miscellaneous
 o - a piece from Xom's chessboard (15/15)


   Skills:
 + Level 5.4 Fighting
 + Level 9.7 Ranged Weapons
 + Level 1.9 Armour
 + Level 3.8 Dodging
 + Level 3.6 Stealth
 + Level 7.4 Spellcasting


You knew the following spells:

 Your Spells              Type           Power      Damage    Failure   Level
a - Magic Dart            Conj           100%       1d8       1%          1
b - Slow                  Hex            100%       N/A       1%          1
c - Blink                 Tloc           62%        N/A       1%          2
d - Call Imp              Summ           62%        N/A       1%          2
e - Mephitic Cloud        Conj/Pois/Air  31%        N/A       1%          3
f - Necrotise             Necr           100%       1d9       1%          1
g - Searing Ray           Conj           62%        2d6       1%          2
h - Vhi's Electric Charg  Tloc/Air       62%        N/A       1%          3
i - Petrify               Tmut/Erth      31%        N/A       2%          4
j - Fulminant Prism       Conj/Hex       15%        3d10      2%          4
Your spell library was empty.

Dungeon Overview and Level Annotations

Branches:
Dungeon (9/15)             Temple (0/1) D:5           Sewer (visited)
   Lair: D:8-11         Orc: D:9-12

Altars:
Ashenzari
Dithmenos
Fedhas
Gozag
Hepliaklqana
Makhleb
Okawaru
Qazlal
Uskayaw
Wu Jian
Xom
Yredelemnul
Zin
The Shining One

Shops:
D:5 !   D:9 :


Innate Abilities, Weirdness & Mutations

Your life essence is reduced to manifest your ancestor. (-10% HP)
You are immune to sickness and miasma.
You are immune to poison.
Your flesh is very heat resistant. (rF++)
You are vulnerable to cold. (rC-)
You float through the air rather than walking.
You learn spells naturally, not from books.
Your magical power is your life essence.
You have superior vitality. (+4 MHP)


Message History

You hear an angry buzzing noise.
The killer bee attacks as you move away!
The killer bee stings you.
The killer bee completely misses Jarl.
The killer bee stings you but does no damage.
Jarl misses the killer bee.
You hear an angry buzzing noise.
The killer bee rages.
The queen bee calls on the killer bee to defend it!
The killer bee goes berserk!
The killer bee closely misses you.
The killer bee rages.
A killer bee comes into view.
You hear an angry buzzing noise.
Casting: Fulminant Prism (dangerous; 2% risk of failure)
Confirm with . or Enter, or press ? or * to list all spells.
Aiming: Fulminant Prism (dangerous; 2% risk of failure)
Press: ? - help, Dir - move target, p - killer bee You conjure a prism of explosive energy!
A fulminant prism comes into view.
Jarl blocks the killer bee's attack.
The killer bee barely misses you. The killer bee stings you!
The killer bee stings Jarl but does no damage.
The killer bee misses you.
Jarl barely misses the killer bee.
The killer bee stings you. The killer bee closely misses you.
You hear an angry buzzing noise.
The killer bee attacks as you move away!
The killer bee stings you.
* * * LOW HITPOINT WARNING * * *
You hear an angry buzzing noise. x2
The killer bee stings you.
* * * LOW HITPOINT WARNING * * *
The killer bee closely misses you. The killer bee completely misses you.
The killer bee barely misses you.
Your fulminant prism crackles loudly.
The killer bee stings you!
* * * LOW HITPOINT WARNING * * *
The killer bee barely misses you. The killer bee completely misses you.
The killer bee stings you.
* * * LOW HITPOINT WARNING * * *
The killer bee stings you.
You die...

#yyyy†......# #†R..## ######
#y....# #....# #.....# #....#
#yy#### ###..########y##
##.....##.......## ###
#..<..##.##..*.yy## ##.##
#...#.........yy@.#####...#
...............y#.........#
.##.##..........#.........#
..####..##......#........##
.........#).....#........####
..............[.#........##.###
.....##...#..........###......#
..........##.........###.#..####
...........#......#.###.....#..#


You could see 7 killer bees and a friendly fulminant prism.

Vanquished Creatures
  3 unseen horror zombies (D:9)
  A wyvern (D:9)
  3 yaks
  A steam dragon (D:6)
  A water moccasin (D:9)
  An ice beast (D:7)
  2 orc warriors
  A sky beast (D:8)
  A black bear (D:8)
  A phantom (D:8)
  2 necrophages (D:9)
  A scorpion (D:7)
  A gnoll sergeant (D:8)
  5 killer bees
  A wight (D:9)
  3 howler monkeys
  A human zombie (D:9)
  2 orc priests
  A gnoll bouda (D:5)
  A hound (D:7)
  A jelly (D:6)
  6 iguanas
  4 orc wizards
  A howler monkey zombie (D:9)
  Robin (D:2)
  8 adders
  10 gnolls
  3 river rats (Sewer)
  2 worms (D:4)
  5 dart slugs
  15 orcs
  10 endoplasms
  5 giant cockroaches
  12 hobgoblins
  9 jackals
  9 quokkas
  13 ball pythons
  13 bats
  6 frilled lizards
  8 goblins
  4 kobolds
  6 rats
184 creatures vanquished.

Vanquished Creatures (collateral kills)
  Erica (D:8)
  A troll (D:9)
  A vampire (D:9)
  A wyvern (D:9)
  4 yaks
  A water moccasin (D:6)
  A black bear (D:7)
  3 ice beasts
  An orc warrior (D:7)
  The ghost of strontium90w the Trooper, an amateur MiFi of Okawaru (D:4)
  2 bullfrogs
  2 necrophages (D:9)
  3 scorpions (D:5)
  2 killer bees
  A howler monkey (D:7)
  A centaur zombie (D:9)
  2 jellies
  A gnoll bouda (D:7)
  A sleepcap (D:6)
  An orc wizard (D:4)
  A mummy (D:9)
  3 adders
  9 gnolls
  A river rat (Sewer)
  A white imp (D:5)
  A worm (Sewer)
  A dart slug (D:3)
  6 orcs
  3 ball pythons
  3 bats
  2 endoplasms
  A giant cockroach (D:4)
  3 goblins (D:2)
  3 hobgoblins (D:2)
  A jackal (D:2)
  4 quokkas
74 creatures vanquished.

Vanquished Creatures (others)
  5 dream sheep (D:4)
  2 knights (D:7)
  A worm (D:4)
  An endoplasm (D:4)
  2 ancestors (D:2)
  2 fulminant prisms (D:9)
  5 plants (D:5)
18 creatures vanquished.

Grand Total: 276 creatures vanquished

Notes
Turn   | Place    | Note
-------+----------+-------------------------------------------
     0 | D:1      | Gallacticko the Djinni Hedge Wizard began the quest for the
                  | Orb.
     0 | D:1      | Gallacticko set off with the following spells memorised:
                  | Magic Dart, Slow, Blink, Call Imp, Mephitic Cloud.
     0 | D:1      | Reached XP level 1. HP: 15/15 MP: 0/0
   166 | D:1      | Reached XP level 2. HP: 13/21 MP: 0/0
   659 | D:1      | Found a faded altar of an unknown god.
   669 | D:1      | Reached XP level 3. HP: 21/25 MP: 0/0
   669 | D:1      | Learned a level 1 spell: Necrotise
   673 | D:1      | Prayed at the altar of an unknown god.
   673 | D:1      | Became a worshipper of Hepliaklqana the Forgotten
   673 | D:1      | Reached * piety under Hepliaklqana
  1453 | D:2      | Noticed Robin
  1466 | D:2      | Reached XP level 4. HP: 11/27 MP: 0/0
  1563 | D:2      | Killed Robin
  2096 | D:2      | Reached ** piety under Hepliaklqana
  2097 | D:2      | Remembered your ancestor Jarl as a knight
  2456 | D:3      | Reached XP level 5. HP: 27/31 MP: 0/0
  2456 | D:3      | Learned a level 2 spell: Searing Ray
  2575 | D:3      | Found an iron altar of Okawaru.
  2581 | D:3      | Found a stormy altar of Qazlal.
  3457 | D:4      | Noticed a dream sheep
  3457 | D:4      | Noticed a dream sheep
  3457 | D:4      | Noticed a dream sheep
  3457 | D:4      | Noticed a dream sheep
  3457 | D:4      | Noticed a dream sheep
  3457 | D:4      | Found a shimmering altar of Xom.
  3459 | D:4      | Killed a dream sheep
  3459 | D:4      | Killed a dream sheep
  3459 | D:4      | Killed a dream sheep
  3462 | D:4      | Killed a dream sheep
  3462 | D:4      | Killed a dream sheep
  3524 | D:4      | Found a glowing drain.
  3533 | Sewer    | Entered a sewer
  3718 | Sewer    | Reached XP level 6. HP: 30/36 MP: 0/0
  4491 | D:4      | Reached skill level 5 in Spellcasting
  4604 | D:4      | Reached XP level 7. HP: 30/40 MP: 0/0
  4604 | D:4      | Learned a level 3 spell: Vhi's Electric Charge
  4669 | D:4      | Reached *** piety under Hepliaklqana
  4728 | D:4      | Found an opulent altar of Gozag.
  4741 | D:4      | Found a blossoming altar of Fedhas.
  4756 | D:4      | Found a basalt altar of Yredelemnul.
  4812 | D:4      | Found a runed translucent door.
  5092 | D:4      | Noticed strontium90w's ghost (amateur MiFi)
  5150 | D:4      | Found an ornate altar of the Wu Jian Council.
  5150 | D:4      | Found a broken altar of Ashenzari.
  5161 | D:4      | Found a faded altar of an unknown god.
  5163 | D:4      | Found a burning altar of Makhleb.
  5428 | D:4      | Killed strontium90w's ghost
  5658 | D:5      | Entered Level 5 of the Dungeon
  5698 | D:5      | Noticed a +0 short sword
  5700 | D:5      | Noticed a +0 dagger
  5700 | D:5      | Noticed a +0 dagger
  5700 | D:5      | Noticed a +0 short sword
  5701 | D:5      | Noticed a +0 falchion
  5701 | D:5      | Noticed a +0 falchion
  5701 | D:5      | Noticed a +0 spear
  5702 | D:5      | Noticed a +0 spear
  5708 | D:5      | Found a hide-covered altar of Uskayaw.
  5760 | D:5      | Reached skill level 1 in Ranged Weapons
  6003 | D:5      | Reached XP level 8. HP: 45/45 MP: 0/0
  6030 | D:5      | Found Maeniv's Distillery.
  6037 | D:5      | Bought a potion of curing for 42 gold pieces
  6184 | D:5      | Found a staircase to the Ecumenical Temple.
  6284 | D:5      | Reached skill level 2 in Ranged Weapons
  6316 | D:5      | Reached skill level 1 in Fighting
  6326 | D:5      | Reached skill level 3 in Ranged Weapons
  6500 | D:5      | Found a glowing golden altar of the Shining One.
  6613 | D:6      | Identified the +6 flail "Orai" {flame, Str-3 Int+5 Stlth+}
  6652 | D:6      | Reached skill level 4 in Ranged Weapons
  6875 | D:6      | Reached skill level 1 in Armour
  6882 | D:6      | Reached XP level 9. HP: 30/52 MP: 0/0
  6882 | D:6      | Learned a level 4 spell: Petrify
  7192 | D:6      | Reached **** piety under Hepliaklqana
  7273 | D:6      | Reached skill level 5 in Ranged Weapons
  8134 | D:7      | Reached skill level 6 in Ranged Weapons
  8513 | D:7      | Reached XP level 10. HP: 17/60 MP: 0/0
  8693 | D:7      | Identified the +0 leather armour of Precision Catastrophes
                  | {-Cast Fly Stlth+}
  9197 | D:8      | Noticed Erica
  9216 | D:8      | Killed Erica
  9217 | D:8      | Reached skill level 7 in Ranged Weapons
  9330 | D:8      | Reached skill level 8 in Ranged Weapons
 10211 | D:8      | Found a shadowy altar of Dithmenos.
 10234 | D:9      | Found Veokkupn's Book Emporium.
 10418 | D:9      | Reached ***** piety under Hepliaklqana
 10619 | D:9      | Reached skill level 9 in Ranged Weapons
 10619 | D:9      | Reached XP level 11. HP: 66/66 MP: 0/0
 10619 | D:9      | Learned a level 4 spell: Fulminant Prism
 10796 | D:9      | Reached skill level 5 in Fighting
 10912 | D:9      | Found a glowing silver altar of Zin.
 10923 | D:9      | Found a hazy altar of Hepliaklqana.
 11049 | D:9      | HP: 2/68 [killer bee (6)]
 11049 | D:9      | Slain by a killer bee

Illustrated notes

Levels and vault maps discovered:
D:1:      lightli_molten_gateway, layout_basic, ebering_ecumenical_altar_ruins
D:2:      layout_basic, uniq_robin
D:3:      layout_basic, mainiacjoe_overflow_catwalk_spiral,
          minmay_misc_feat_roman
D:4:      layout_loops_ring, kb_xom_exploding_sheep,
          chequers_temple_overflow_minitemple, minmay_overflow_temple_star_quad,
          ebering_ghost_reflecting_pool, cheibrodos_sewer_entry_drain
D:5:      layout_basic, tso_oasis_becter, nicolae_uskayaw_en_pointe,
          minmay_temple_entry_enclosed_plants, serial_shops, shop,
          hangedman_minor_gate_pass
D:6:      layout_loops_ring, solitary_fountain, grunt_ministairs_14,
          chequers_serial_rivers_room_a
D:7:      layout_basic, enter_bailey_2
D:8:      wander_river, layout_cave_pools, grunt_dithmenos_shadows, uniq_erica
D:9:      layout_cave_pools, nicolae_overflow_hidden_temple,
          kennysheep_mini_moat, lemuel_mausoleum_altar_kikubaaqudgha,
          serial_shops, nicolae_shop_peninsula, special_room [special_room_bee]

Skill      XL: |  1  2  3  4  5  6  7  8  9 10 11 |
---------------+----------------------------------+-----
Spellcasting   | 3 4 5 6 7 |  7.4
Stealth        | 2 3 |  3.6
Ranged Weapons | 1 4 6 9 |  9.7
Dodging        | 3 |  3.8
Fighting       | 2 3 4 5 |  5.4
Armour         | 1 |  1.9

Action                     |  1- 3 |  4- 6 |  7- 9 | 10-12 || total
---------------------------+-------+-------+-------+-------++-------
  Melee: Dagger            |     3 |       |       |       ||     3
         Spear             |     1 |       |       |       ||     1
   Fire: Arbalest          |       |       |   138 |   142 ||   280
   Cast: Magic Dart        |    78 |   180 |     2 |       ||   260
         Call Imp          |     2 |     3 |     7 |     6 ||    18
         Mephitic Cloud    |     2 |     2 |     1 |     1 ||     6
         Slow              |     1 |     5 |     7 |     2 ||    15
         Searing Ray       |       |     7 |     6 |     1 ||    14
         Blink             |       |     2 |     4 |     2 ||     8
         Petrify           |       |       |       |    15 ||    15
         Fulminant Prism   |       |       |       |     3 ||     3
 Invoke: Ancestor Identity |     2 |       |       |       ||     2
         Ancestor Life: Kn |       |     1 |       |       ||     1
         Recall Ancestor   |       |     1 |     1 |       ||     2
    Use: Scroll            |       |       |       |    14 ||    14
   Stab: Confused          |     1 |       |       |       ||     1
 Armour: Robe              |       |       |     2 |       ||     2
         Leather armour    |       |       |     4 |       ||     4
         Steam dragon scal |       |       |    10 |    23 ||    33
  Dodge: Dodged            |     7 |    19 |    43 |    63 ||   132
